 Dungeon Crawl Stone Soup version 0.30-a0-1043-g60ff8d5f49 (webtiles) character file.

Game seed: 5907433642058407176

45 OrthodoxDeviant the Chopper (level 3, -10/31 HPs)
             Began as a Ghoul Gladiator on Apr 10, 2023.
             Mangled by a kobold
             ... wielding a +2 short sword of electrocution
              (12 damage)
             ... on level 3 of the Dungeon.
             The game lasted 00:02:15 (1686 turns).

OrthodoxDeviant the Chopper (Ghoul Gladiator)       Turns: 1686, Time: 00:02:16

Health: -10/31     AC:  4    Str: 19    XL:     3   Next: 64%
Magic:  2/2        EV: 12    Int:  3    God:
Gold:   112        SH:  0    Dex: 10    Spells: 2/2 levels left

rFire   . . .      SeeInvis .    a - +0 war axe
rCold   + . .      Faith    .    (no shield)
rNeg    + + +      Spirit   .    b - +0 leather armour
rPois   ∞          Reflect  .    c - +0 helmet
rElec   .          Rampage  .    (no cloak)
rCorr   .                        (no gloves)
Will    .....                    (no boots)
Stlth   +                        (no amulet)
HPRegen 0.00/turn                (no ring)
MPRegen 0.08/turn                (no ring)

@: inhibited regen
A: claws 1, cold resistance 1, negative energy resistance 3, inhibited
regeneration, torment resistance 2, devour on kill
a: no special abilities


You were on level 3 of the Dungeon.
You visited 1 branch of the dungeon, and saw 3 of its levels.

You collected 112 gold pieces.

Inventory:

Hand Weapons
 a - a +0 war axe (weapon)
Missiles
 d - 3 throwing nets (quivered)
 e - a javelin
Armour
 b - a +0 leather armour (worn)
 c - a +0 helmet (worn)
Wands
 i - a wand of paralysis (5)
Scrolls
 f - a scroll of torment
 j - a scroll of teleportation
 k - 2 scrolls of identify
 m - a scroll of acquirement {unknown}
 n - a scroll of poison {unknown}
 o - a scroll of fear {unknown}
Potions
 g - a potion of flight {unknown}
 h - 2 potions of curing
 l - a potion of cancellation {unknown}


   Skills:
 * Level 3.3 Fighting
 * Level 3.4 Axes
 - Level 1.7 Throwing
 - Level 2.6 Dodging


You had 2 spell levels left.
You didn't know any spells.
Your spell library was empty.

Dungeon Overview and Level Annotations

Branches:
Dungeon (3/15)

Altars:

Annotations:
D:3 Terence


Innate Abilities, Weirdness & Mutations

You are immune to poison.
You have sharp fingernails.
Your flesh is cold resistant. (rC+)
You are immune to negative energy. (rN+++)
You do not regenerate when monsters are visible.
You are immune to unholy pain and torment.
You thrive by killing the living.


Message History

There is a stone staircase leading up here.
You climb upwards.
There is a stone staircase leading down here.
Items here: )) [ ÷.
There is a stone staircase leading down here.
You climb downwards.
Level annotation: Terence
There is a stone staircase leading up here.
HP restored.
Found a book of Changes.
You see here a book of Changes.
A kobold comes into view. It is wielding a +0 club.
The kobold shouts!
You hear a shout! x2
A kobold is nearby!
You hit the kobold but do no damage. The kobold closely misses you.
You slash the kobold!
You kill the kobold!
A kobold comes into view.
It is wielding a +2 short sword of electrocution.
You barely miss the kobold. The kobold barely misses you.
The kobold hits you but does no damage.
You are electrocuted!
Ouch! That really hurt!
You are too injured to fight recklessly!
You are too injured to fight recklessly!
You are too injured to fight recklessly!
You barely miss the kobold.
The kobold hits you with a +2 short sword of electrocution.
You hit the kobold.
The kobold is moderately wounded.
The kobold closely misses you.
You closely miss the kobold.
The kobold is moderately wounded.
The kobold barely misses you.
You barely miss the kobold.
The kobold is moderately wounded.
The kobold hits you with a +2 short sword of electrocution.
* * * LOW HITPOINT WARNING * * *
The kobold hits you with a +2 short sword of electrocution.
* * * LOW HITPOINT WARNING * * *
You are electrocuted!
You die...

#...## .###.##
#####.# ...##.#
#########
##.##.####........
.#.........#########
#.^.#####..#######.#
##.######.........#
.<.........#####@##
.#.....#####...K##
.##.##.# #.### . .#
# . .# . .# . .. .
.#


You could see a kobold.

Vanquished Creatures
  An adder (D:2)
  A dart slug (D:1)
  3 bats
  3 endoplasms
  3 giant cockroaches
  A goblin (D:2)
  6 hobgoblins
  2 kobolds
  A quokka (D:2)
  4 ball pythons
  A frilled lizard (D:1)
  6 rats
32 creatures vanquished.

Notes
Turn   | Place    | Note
-------+----------+-------------------------------------------
     0 | D:1      | OrthodoxDeviant the Ghoul Gladiator began the quest for the
                  | Orb.
     0 | D:1      | Reached XP level 1. HP: 17/17 MP: 0/0
   157 | D:1      | Reached XP level 2. HP: 25/25 MP: 1/1
   873 | D:2      | Reached XP level 3. HP: 26/31 MP: 2/2
  1555 | D:3      | Noticed Terence
  1686 | D:3      | Mangled by a kobold

Illustrated notes

Levels and vault maps discovered:
D:1:      dpeg_arrival_rooms_c, layout_basic, due_unseen_surprise
D:2:      layout_basic, minmay_small_reverse_x
D:3:      layout_loops_ring, lightli_temple_of_fire, gammafunk_ghost_icy,
          minmay_misc_feat_x, uniq_ijyb, uniq_terence

Skill      XL: |  1  2 |
---------------+-------+-----
Axes           | 3 |  3.4
Fighting       | 3 |  3.3
Throwing       | |  1.7
Dodging        | |  2.6

Action                     || total
---------------------------++-------
  Melee: War axe           ||    91
    Use: Scroll            ||     2
         Potion            ||     1
 Armour: Leather armour    ||    36
  Dodge: Dodged            ||    68

Table legend: (Time is in decaauts)
 A = Elapsed time spent in this place.
 B = Non-inter-level travel time spent in this place.
 C = Inter-level travel time spent in this place.
 D = Time resting spent in this place.
 E = Time spent auto-exploring this place.
 F = Levels seen in this place.
 G = Mean time per level.
                   A        B        C        D        E       F      G
               +--------+--------+--------+--------+--------+-----+--------+
         Total |   1718 |   1504 |    214 |      0 |   1163 |   3 |  572.7 |
       Dungeon |   1718 |   1504 |    214 |      0 |   1163 |   3 |  572.7 |
               +--------+--------+--------+--------+--------+-----+--------+

Top non-repeatable levels by time:
     D:2: 859 daAuts
     D:1: 696 daAuts
     D:3: 162 daAuts
